Chicago Black Hawks vs Quebec Nordiques
Created - Wednesday, September 4, 2024 at 08:50
Goals
|
| Chicago Black Hawks |
1 |
2 |
1 |
4 |
| Quebec Nordiques |
1 |
1 |
1 |
3 |
|
Shots
|
| Chicago Black Hawks |
11 |
9 |
9 |
29 |
| Quebec Nordiques |
8 |
7 |
17 |
32 |
|
1st period
1. Chicago Black Hawks , Jamie Benn 2 (Kevin Fiala 5, Chris Kreider 11) at 6:30
2. Quebec Nordiques , Anthony Mantha 4 (Brent Burns 3) at 6:41
Penalties :
Brandon Hagel (CHI) for High sticking (Minor) at 6:54, Seth Jones (CHI) for Hooking (Minor) at 18:42
2nd period
3. Chicago Black Hawks , Bo Horvat 9 (Chris Kreider 12, Filip Forsberg 8) at 2:06 (PP)
4. Chicago Black Hawks , Kevin Fiala 2 (Lucas Raymond 2, Jamie Benn 5) at 5:44
5. Quebec Nordiques , Anthony Duclair 3 (Evander Kane 5) at 13:09 (PP)
Penalties :
Michael Anderson (QUE) for Interference (Minor) at 0:58, Kevin Fiala (CHI) for Cross-checking (Minor) at 12:38, Anthony Mantha (QUE) for Delaying the game (Minor) at 13:20, Barrett Hayton (QUE) for High sticking (Minor) at 18:17
3rd period
6. Quebec Nordiques , Evander Kane 7 (Anthony Duclair 5, Michael Anderson 4) at 9:37
7. Chicago Black Hawks , Alex DeBrincat 2 (Filip Forsberg 9) at 14:58
Penalties :
Kevin Fiala (CHI) for Interference (Minor) at 11:57, Marco Rossi (QUE) for Hooking (Minor) at 16:33
Goalie Stats
Thatcher Demko (CHI), 29 saves from 32 shots - (0.906), W, 9-4-0, 60:00 minutes
Lukas Dostal (QUE), 25 saves from 29 shots - (0.862), L, 2-4-2, 59:03 minutes
Players Stats for Chicago Black Hawks
Player Name G A P +/- PIM S H SB GA TA FO MP PP MP PK MP
------------------------------------------------------------------------------------
Alex DeBrincat 1 0 1 1 0 2 1 1 1 0 1/1 10:28 0:00 0:00
Bo Horvat 1 0 1 0 0 4 2 0 0 0 12/18 15:00 3:31 0:00
Brandon Hagel 0 0 0 -1 2 0 2 2 0 2 1/2 17:38 3:34 1:54
Brayden Point 0 0 0 -1 0 5 0 0 1 0 0/0 17:31 3:34 0:18
Cale Makar 0 0 0 0 0 2 1 0 0 0 0/0 20:40 3:54 0:00
Chris Kreider 0 2 2 -1 0 3 2 0 1 3 0/0 17:33 3:31 0:18
Devon Toews 0 0 0 1 0 0 1 0 0 0 0/0 22:26 3:11 3:21
Filip Forsberg 0 2 2 0 0 2 1 0 0 1 0/0 15:00 3:31 0:00
Filip Hronek 0 0 0 1 0 0 1 1 0 1 0/0 21:20 3:54 0:59
Jamie Benn 1 1 2 2 0 1 2 0 1 0 9/16 13:51 0:00 3:21
Kevin Fiala 1 1 2 2 4 3 0 0 1 0 0/0 10:54 0:00 0:00
Lucas Raymond 0 1 1 2 0 1 0 0 0 0 0/0 11:25 0:00 0:55
Marcus Pettersson 0 0 0 0 0 1 1 2 0 1 0/0 16:54 0:00 3:07
Nicholas Paul 0 0 0 0 0 2 1 1 0 0 3/6 13:38 0:00 2:49
Ryan Hartman 0 0 0 0 0 0 1 0 0 0 0/1 13:40 0:00 3:21
Seth Jones 0 0 0 0 2 0 3 2 0 0 0/0 21:49 3:11 2:22
Sidney Crosby 0 0 0 -1 0 3 1 0 1 0 6/9 16:47 3:34 0:00
Travis Sanheim 0 0 0 0 0 0 0 2 0 0 0/0 16:54 0:00 3:07
Players Stats for Quebec Nordiques
Player Name G A P +/- PIM S H SB GA TA FO MP PP MP PK MP
------------------------------------------------------------------------------------
Anthony Duclair 1 1 2 0 0 4 1 0 1 0 0/0 15:51 3:12 0:00
Anthony Mantha 1 0 1 0 2 4 2 0 1 0 0/0 16:20 3:16 0:00
Barrett Hayton 0 0 0 -1 2 0 1 0 3 0 0/2 13:55 0:00 2:28
Brent Burns 0 1 1 0 0 1 0 2 0 1 0/0 25:56 2:56 3:39
Cole Perfetti 0 0 0 0 0 0 0 0 0 0 1/1 13:05 0:00 0:00
Connor Brown 0 0 0 0 0 1 1 0 0 0 0/0 11:30 0:00 3:21
Evander Kane 1 1 2 0 0 4 1 0 0 0 1/1 17:06 3:12 0:09
J.J. Moser 0 0 0 0 0 0 1 1 0 0 0/0 25:56 2:56 3:39
Jonas Siegenthaler 0 0 0 0 0 1 0 2 0 0 0/0 22:05 3:32 3:26
Jordan Greenway 0 0 0 0 0 4 2 0 1 0 0/0 12:44 0:00 3:32
Justin Holl 0 0 0 -1 0 4 1 1 0 0 0/0 12:41 0:00 0:42
Juuso Valimaki 0 0 0 -1 0 1 1 0 0 0 0/0 11:59 0:00 0:00
Kirby Dach 0 0 0 -1 0 0 0 0 1 2 1/2 11:10 0:00 0:00
Marco Rossi 0 0 0 -1 2 1 0 0 0 0 1/11 14:46 3:16 0:00
Michael Anderson 0 1 1 0 2 0 1 0 0 1 0/0 21:22 3:32 2:44
Ryan Poehling 0 0 0 0 0 3 1 0 0 1 5/8 11:41 0:00 3:35
Shane Pinto 0 0 0 0 0 3 1 0 1 0 8/18 17:00 3:12 0:03
Trevor Zegras 0 0 0 0 0 1 4 0 0 1 4/10 17:44 3:16 1:02
3 Stars
1 - Jamie Benn (CHI)
2 - Anthony Duclair (QUE)
3 - Evander Kane (QUE)
Power Play
Chicago Black Hawks - 1 on 4 Attempt(s) - 25.00%
Quebec Nordiques - 1 on 4 Attempt(s) - 25.00%
Penalty Kill
Chicago Black Hawks - 3 on 4 Attempt(s) - 75.00%
- Score 0 goal in Penalty Kill
Quebec Nordiques - 3 on 4 Attempt(s) - 75.00%
- Score 0 goal in Penalty Kill
Team Stat
Chicago Black Hawks - Hits : 20 - Faceoff Wins : 32 - Blocked Shots : 11 - Penalty Minutes : 8
Quebec Nordiques - Hits : 18 - Faceoff Wins : 21 - Blocked Shots : 6 - Penalty Minutes : 8
Official
Referees : Morgan Macphee and Garrett Rank
Linesman : Mark Shewchyk and Kilian McNamara
Game Notes
No Game Note
Finance
Level 1 -- Attendance: 4299 (71.65%) -- Ticket Income $429,900
Level 2 -- Attendance: 3984 (79.68%) -- Ticket Income $239,040
Level 3 -- Attendance: 2469 (82.30%) -- Ticket Income $86,415
Level 4 -- Attendance: 3592 (71.84%) -- Ticket Income $89,800
Luxury Box -- Attendance: 768 (76.80%) -- Ticket Income $153,600
Game was played at the Centre Videotron.
Total Attendance: 15112 (75.56%)
Total Ticket Income: $998,755
Other Income: $349,564
Total Income: $1,348,319
Chicago Black Hawks
5 vs 5 Forward
Center Left Wing Right Wing Time % Phy DF OF
1 Sidney Crosby Chris Kreider Brayden Point 30 0 1 4
2 Bo Horvat Filip Forsberg Brandon Hagel 30 0 2 3
3 Jamie Benn Kevin Fiala Lucas Raymond 25 0 1 4
4 Nicholas Paul Alex DeBrincat Ryan Hartman 15 0 2 3
5 vs 5 Defense
Defense Defense Time % Phy DF OF
1 Cale Makar Seth Jones 36 0 3 2
2 Filip Hronek Devon Toews 34 0 3 2
3 Travis Sanheim Marcus Pettersson 20 0 4 1
4 Travis Sanheim Marcus Pettersson 10 0 4 1
PowerPlay Forward
Center Left Wing Right Wing Time % Phy DF OF
1 Sidney Crosby Brandon Hagel Brayden Point 50 0 0 5
2 Bo Horvat Filip Forsberg Chris Kreider 50 0 0 5
PowerPlay Defense
Defense Defense Time % Phy DF OF
1 Cale Makar Filip Hronek 50 0 1 4
2 Seth Jones Devon Toews 50 0 1 4
Penalty Kill 4 Players Forward
Center Wing Time % Phy DF OF
1 Jamie Benn Ryan Hartman 50 0 5 0
2 Nicholas Paul Brandon Hagel 50 0 5 0
Penalty Kill 4 Players Defense
Defense Defense Time % Phy DF OF
1 Marcus Pettersson Travis Sanheim 50 0 5 0
2 Devon Toews Seth Jones 50 0 5 0
Penalty Kill - 3 Players Forward
Forward Time % Phy DF OF
1 Ryan Hartman 50 0 5 0
2 Nicholas Paul 50 0 5 0
Penalty Kill - 3 Players Defense
Defense Defense Time % Phy DF OF
1 Travis Sanheim Cale Makar 50 0 5 0
2 Seth Jones Devon Toews 50 0 5 0
4 vs 4 Forward
Center Wing Time % Phy DF OF
1 Jamie Benn Kevin Fiala 50 0 2 3
2 Nicholas Paul Alex DeBrincat 50 1 1 3
4 vs 4 Defense
Defense Defense Time % Phy DF OF
1 Devon Toews Filip Hronek 50 0 3 2
2 Marcus Pettersson Seth Jones 50 0 3 2
Last Minutes Offensive
Center Left Wing Right Wing Defense Defense
Sidney Crosby Chris Kreider Brayden Point Cale Makar Filip Hronek
Last Minutes Defensive
Center Left Wing Right Wing Defense Defense
Nicholas Paul Brandon Hagel Ryan Hartman Cale Makar Travis Sanheim
Goaltenders
Starting : Thatcher Demko
Backup : Adin Hill
Extra Forwards
Normal : Alex DeBrincat, Lucas Raymond, Kevin Fiala - PP : Alex DeBrincat, Lucas Raymond - PK : Brandon Hagel
Extra Defensemen
Normal : Filip Hronek, Marcus Pettersson, Devon Toews - PP : Travis Sanheim - PK : Devon Toews, Filip Hronek
Penalty Shots
Lucas Raymond, Alex DeBrincat, Sidney Crosby, Brayden Point, Devon Toews
Scratches
None
Quebec Nordiques
5 vs 5 Forward
Center Left Wing Right Wing Time % Phy DF OF
1 Shane Pinto Evander Kane Anthony Duclair 30 1 2 2
2 Trevor Zegras Cole Perfetti Anthony Mantha 30 1 2 2
3 Marco Rossi Barrett Hayton Kirby Dach 25 1 2 2
4 Ryan Poehling Connor Brown Jordan Greenway 15 1 2 2
5 vs 5 Defense
Defense Defense Time % Phy DF OF
1 Brent Burns J.J. Moser 30 1 2 2
2 Michael Anderson Jonas Siegenthaler 30 1 2 2
3 Juuso Valimaki Justin Holl 25 1 2 2
4 Brent Burns J.J. Moser 15 1 2 2
PowerPlay Forward
Center Left Wing Right Wing Time % Phy DF OF
1 Shane Pinto Evander Kane Anthony Duclair 50 1 2 2
2 Marco Rossi Trevor Zegras Anthony Mantha 50 1 2 2
PowerPlay Defense
Defense Defense Time % Phy DF OF
1 Brent Burns J.J. Moser 50 1 2 2
2 Michael Anderson Jonas Siegenthaler 50 1 2 2
Penalty Kill 4 Players Forward
Center Wing Time % Phy DF OF
1 Ryan Poehling Jordan Greenway 50 1 2 2
2 Barrett Hayton Connor Brown 50 1 2 2
Penalty Kill 4 Players Defense
Defense Defense Time % Phy DF OF
1 Brent Burns J.J. Moser 50 1 2 2
2 Michael Anderson Jonas Siegenthaler 50 1 2 2
Penalty Kill - 3 Players Forward
Forward Time % Phy DF OF
1 Ryan Poehling 50 1 2 2
2 Barrett Hayton 50 1 2 2
Penalty Kill - 3 Players Defense
Defense Defense Time % Phy DF OF
1 Brent Burns J.J. Moser 50 1 2 2
2 Michael Anderson Jonas Siegenthaler 50 1 2 2
4 vs 4 Forward
Center Wing Time % Phy DF OF
1 Evander Kane Shane Pinto 50 1 2 2
2 Jordan Greenway Anthony Duclair 50 1 2 2
4 vs 4 Defense
Defense Defense Time % Phy DF OF
1 Brent Burns J.J. Moser 50 1 2 2
2 Michael Anderson Jonas Siegenthaler 50 1 2 2
Last Minutes Offensive
Center Left Wing Right Wing Defense Defense
Shane Pinto Evander Kane Jordan Greenway Brent Burns J.J. Moser
Last Minutes Defensive
Center Left Wing Right Wing Defense Defense
Shane Pinto Evander Kane Jordan Greenway Brent Burns J.J. Moser
Goaltenders
Starting : Lukas Dostal
Backup : John Gibson
Extra Forwards
Normal : Marco Rossi, Trevor Zegras, Barrett Hayton - PP : Marco Rossi, Trevor Zegras - PK : Barrett Hayton
Extra Defensemen
Normal : Juuso Valimaki, Justin Holl, Michael Anderson - PP : Juuso Valimaki - PK : Justin Holl, Michael Anderson
Penalty Shots
Evander Kane, Shane Pinto, Jordan Greenway, Anthony Duclair, Anthony Mantha
Scratches
Michael McCarron (Healthy), Alexander Alexeyev (Healthy)
% Time on Ice - Chicago Black Hawks
Lines # - Real PCT - Wanted PCT - Time Play
Normal Forward
1 - 29% - 30% - 13:13
2 - 27% - 30% - 12:25
3 - 23% - 25% - 10:30
4 - 20% - 15% - 9:04
Normal Defense
1 - 39% - 36% - 17:33
2 - 35% - 34% - 15:54
3 - 18% - 20% - 7:57
4 - 8% - 10% - 3:48
PP Forward
1 - 50% - 50% - 3:34
2 - 50% - 50% - 3:31
PP Defense
1 - 55% - 50% - 3:54
2 - 45% - 50% - 3:11
PK Forward
1 - 52% - 50% - 3:21
2 - 48% - 50% - 3:07
PK Defense
1 - 48% - 50% - 3:07
2 - 52% - 50% - 3:21
PK3 Forward
1 - 0% - 50%
2 - 0% - 50%
PK3 Defense
1 - 0% - 50%
2 - 0% - 50%
44 Forward
1 - 0% - 50%
2 - 0% - 50%
44 Defense
1 - 0% - 50%
2 - 0% - 50%
Last Minute Offensive - 0:00
Last Minute Defensive - 1:15
Total
Forward - 60:00
Defense - 60:00
|
% Time on Ice - Quebec Nordiques
Lines # - Real PCT - Wanted PCT - Time Play
Normal Forward
1 - 29% - 30% - 12:57
2 - 30% - 30% - 13:26
3 - 25% - 25% - 11:10
4 - 17% - 15% - 7:48
Normal Defense
1 - 30% - 30% - 13:37
2 - 33% - 30% - 15:07
3 - 26% - 25% - 11:59
4 - 10% - 15% - 4:38
PP Forward
1 - 49% - 50% - 3:12
2 - 51% - 50% - 3:16
PP Defense
1 - 45% - 50% - 2:56
2 - 55% - 50% - 3:32
PK Forward
1 - 52% - 50% - 3:41
2 - 48% - 50% - 3:24
PK Defense
1 - 52% - 50% - 3:39
2 - 48% - 50% - 3:26
PK3 Forward
1 - 0% - 50%
2 - 0% - 50%
PK3 Defense
1 - 0% - 50%
2 - 0% - 50%
44 Forward
1 - 0% - 50%
2 - 0% - 50%
44 Defense
1 - 0% - 50%
2 - 0% - 50%
Last Minute Offensive - 1:06
Last Minute Defensive - 0:00
Total
Forward - 60:00
Defense - 60:00
|
Play-by-Play
1st period
0:01 of 1st period - Sidney Crosby wins face-off versus Shane Pinto in neutral zone.
0:06 of 1st period - Slapshot by Chris Kreider.
0:06 of 1st period - Shot Misses the Net.
0:08 of 1st period - Snap shot by Chris Kreider.
0:08 of 1st period - Deflect By Brayden Point.
0:08 of 1st period - Shot Misses the Net.
0:08 of 1st period - Puck is out of play.
0:09 of 1st period - Sidney Crosby wins face-off versus Shane Pinto in Quebec Nordiques zone.
0:18 of 1st period - Slapshot by Chris Kreider.
0:18 of 1st period - Stopped by Lukas Dostal with a rebound.
0:20 of 1st period - Snap shot by Seth Jones.
0:20 of 1st period - Shot Misses the Net.
0:28 of 1st period - Snap shot by Sidney Crosby.
0:28 of 1st period - Shot Misses the Net.
0:46 of 1st period - Snap shot by Sidney Crosby.
0:46 of 1st period - Stopped by Lukas Dostal with a rebound.
0:50 of 1st period - Wrist shot by Brayden Point.
0:50 of 1st period - Stopped by Lukas Dostal with a rebound.
0:52 of 1st period - Wrist shot by Brayden Point.
0:52 of 1st period - Stopped by Lukas Dostal with a rebound.
0:54 of 1st period - Snap shot by Chris Kreider.
0:54 of 1st period - Shot Misses the Net.
0:56 of 1st period - Slapshot by Brayden Point.
0:56 of 1st period - Shot Misses the Net.
0:58 of 1st period - Slapshot by Seth Jones.
0:58 of 1st period - Shot Misses the Net.
1:00 of 1st period - Snap shot by Chris Kreider.
1:00 of 1st period - Shot Blocked by Brent Burns.
1:24 of 1st period - Wrist shot by Brayden Point.
1:24 of 1st period - Stopped by Lukas Dostal without a rebound.
1:25 of 1st period - Trevor Zegras wins face-off versus Bo Horvat in Quebec Nordiques zone.
1:32 of 1st period - Snap shot by Filip Forsberg.
1:32 of 1st period - Shot Blocked by Jonas Siegenthaler.
1:34 of 1st period - Slapshot by Filip Forsberg.
1:34 of 1st period - Stopped by Lukas Dostal with a rebound.
1:54 of 1st period - Wrist shot by Alex DeBrincat.
1:54 of 1st period - Shot Misses the Net.
1:56 of 1st period - Snap shot by Ryan Hartman.
1:56 of 1st period - Shot Misses the Net.
2:38 of 1st period - Snap shot by Marco Rossi.
2:38 of 1st period - Stopped by Thatcher Demko with a rebound.
2:52 of 1st period - Wrist shot by Kirby Dach.
2:52 of 1st period - Shot Blocked by Travis Sanheim.
4:20 of 1st period - Jordan Greenway is hit by Brandon Hagel and loses puck.
5:03 of 1st period - Wrist shot by Kevin Fiala.
5:03 of 1st period - Stopped by Lukas Dostal with a rebound.
5:45 of 1st period - Michael Anderson is hit by Filip Forsberg and loses puck.
6:00 of 1st period - Sidney Crosby is hit by Jordan Greenway and loses puck.
6:30 of 1st period - Wrist shot by Jamie Benn.
6:30 of 1st period - Goal by Jamie Benn - Chicago Black Hawks : 1 - Quebec Nordiques : 0.
6:31 of 1st period - Trevor Zegras wins face-off versus Bo Horvat in neutral zone.
6:41 of 1st period - Wrist shot by Anthony Mantha.
6:41 of 1st period - Goal by Anthony Mantha - Chicago Black Hawks : 1 - Quebec Nordiques : 1.
6:42 of 1st period - Bo Horvat wins face-off versus Marco Rossi in neutral zone.
6:54 of 1st period - Minor Penalty to Brandon Hagel for High sticking.
6:55 of 1st period - Jamie Benn wins face-off versus Shane Pinto in Chicago Black Hawks zone.
7:52 of 1st period - Devon Toews is hit by Michael Anderson.
8:54 of 1st period - Penalty to Brandon Hagel is over, Brandon Hagel is back on ice.
10:17 of 1st period - Ryan Poehling is hit by Seth Jones and loses puck.
10:41 of 1st period - Jonas Siegenthaler is hit by Devon Toews and loses puck.
10:54 of 1st period - Trevor Zegras is hit by Alex DeBrincat and loses puck.
11:07 of 1st period - Cale Makar is hit by J.J. Moser and loses puck.
11:18 of 1st period - Lucas Raymond is hit by Jordan Greenway.
11:38 of 1st period - Snap shot by Brayden Point.
11:38 of 1st period - Deflect By Marco Rossi.
11:38 of 1st period - Shot Misses the Net.
11:38 of 1st period - Puck is out of play.
11:39 of 1st period - Shane Pinto wins face-off versus Jamie Benn in Quebec Nordiques zone.
11:44 of 1st period - Backhand shot by Shane Pinto.
11:44 of 1st period - Shot Blocked by Marcus Pettersson.
11:58 of 1st period - J.J. Moser is hit by Jamie Benn.
12:18 of 1st period - Snap shot by Sidney Crosby.
12:18 of 1st period - Stopped by Lukas Dostal with a rebound.
12:41 of 1st period - Snap shot by Filip Forsberg.
12:41 of 1st period - Stopped by Lukas Dostal without a rebound.
12:42 of 1st period - Shane Pinto wins face-off versus Jamie Benn in Quebec Nordiques zone.
13:18 of 1st period - Kirby Dach is hit by Chris Kreider.
13:41 of 1st period - Wrist shot by Anthony Mantha.
13:41 of 1st period - Shot Misses the Net.
13:43 of 1st period - Slapshot by Juuso Valimaki.
13:43 of 1st period - Stopped by Thatcher Demko with a rebound.
13:45 of 1st period - Snap shot by Anthony Mantha.
13:45 of 1st period - Stopped by Thatcher Demko with a rebound.
14:05 of 1st period - Slapshot by Jordan Greenway.
14:05 of 1st period - Stopped by Thatcher Demko with a rebound.
14:07 of 1st period - Wrist shot by Jordan Greenway.
14:07 of 1st period - Shot Misses the Net.
14:39 of 1st period - Brent Burns is hit by Chris Kreider.
15:01 of 1st period - Ryan Poehling is hit by Nicholas Paul and loses puck.
15:24 of 1st period - Snap shot by Barrett Hayton.
15:24 of 1st period - Shot Blocked by Travis Sanheim.
15:42 of 1st period - Wrist shot by Chris Kreider.
15:42 of 1st period - Shot Misses the Net.
16:38 of 1st period - Snap shot by Chris Kreider.
16:38 of 1st period - Shot Misses the Net.
17:33 of 1st period - Slapshot by Brayden Point.
17:33 of 1st period - Shot Misses the Net.
17:35 of 1st period - Wrist shot by Chris Kreider.
17:35 of 1st period - Stopped by Lukas Dostal with a rebound.
17:44 of 1st period - Off-side.
17:45 of 1st period - Bo Horvat wins face-off versus Shane Pinto in neutral zone.
18:14 of 1st period - Seth Jones is hit by Juuso Valimaki and loses puck.
18:23 of 1st period - Snap shot by Trevor Zegras.
18:23 of 1st period - Deflect By Lucas Raymond.
18:23 of 1st period - Shot Blocked by Seth Jones.
18:23 of 1st period - Puck is out of play.
18:24 of 1st period - Marco Rossi wins face-off versus Nicholas Paul in Chicago Black Hawks zone.
18:42 of 1st period - Minor Penalty to Seth Jones for Hooking.
18:43 of 1st period - Jamie Benn wins face-off versus Marco Rossi in Chicago Black Hawks zone.
18:55 of 1st period - Snap shot by Anthony Mantha.
18:55 of 1st period - Stopped by Thatcher Demko without a rebound.
18:56 of 1st period - Shane Pinto wins face-off versus Jamie Benn in Chicago Black Hawks zone.
18:59 of 1st period - Snap shot by Anthony Duclair.
18:59 of 1st period - Stopped by Thatcher Demko with a rebound.
19:01 of 1st period - Snap shot by Anthony Duclair.
19:01 of 1st period - Stopped by Thatcher Demko without a rebound.
19:02 of 1st period - Jamie Benn wins face-off versus Shane Pinto in Chicago Black Hawks zone.
Goals for this period are 1 for Chicago Black Hawks vs 1 for Quebec Nordiques.
Shots for this period are 11 for Chicago Black Hawks vs 8 for Quebec Nordiques.
2nd period
0:01 of 2nd period - Jamie Benn wins face-off versus Marco Rossi in neutral zone.
0:42 of 2nd period - Penalty to Seth Jones is over, Seth Jones is back on ice.
0:58 of 2nd period - Minor Penalty to Michael Anderson for Interference.
0:59 of 2nd period - Sidney Crosby wins face-off versus Ryan Poehling in Quebec Nordiques zone.
1:03 of 2nd period - Snap shot by Sidney Crosby.
1:03 of 2nd period - Stopped by Lukas Dostal with a rebound.
1:05 of 2nd period - Slapshot by Cale Makar.
1:05 of 2nd period - Stopped by Lukas Dostal with a rebound.
1:07 of 2nd period - Snap shot by Brayden Point.
1:07 of 2nd period - Shot Misses the Net.
1:46 of 2nd period - Slapshot by Filip Forsberg.
1:46 of 2nd period - Deflect By Chris Kreider.
1:46 of 2nd period - Shot Misses the Net.
1:46 of 2nd period - Puck is out of play.
1:47 of 2nd period - Bo Horvat wins face-off versus Barrett Hayton in Quebec Nordiques zone.
1:52 of 2nd period - Snap shot by Filip Forsberg.
1:52 of 2nd period - Deflect By Bo Horvat.
1:52 of 2nd period - Stopped by Lukas Dostal without a rebound.
1:53 of 2nd period - Bo Horvat wins face-off versus Barrett Hayton in Quebec Nordiques zone.
2:06 of 2nd period - Snap shot by Bo Horvat.
2:06 of 2nd period - Goal by Bo Horvat - Chicago Black Hawks : 2 - Quebec Nordiques : 1.
2:07 of 2nd period - Bo Horvat wins face-off versus Trevor Zegras in neutral zone.
2:18 of 2nd period - Filip Forsberg is hit by Trevor Zegras and loses puck.
2:33 of 2nd period - Jamie Benn is hit by Evander Kane and loses puck.
2:40 of 2nd period - Anthony Duclair is hit by Jamie Benn and loses puck.
2:59 of 2nd period - Jonas Siegenthaler is hit by Ryan Hartman and loses puck.
3:24 of 2nd period - Snap shot by Connor Brown.
3:24 of 2nd period - Shot Misses the Net.
3:51 of 2nd period - Snap shot by Brayden Point.
3:51 of 2nd period - Shot Misses the Net.
4:11 of 2nd period - Wrist shot by Chris Kreider.
4:11 of 2nd period - Shot Blocked by Justin Holl.
4:13 of 2nd period - Snap shot by Marcus Pettersson.
4:13 of 2nd period - Stopped by Lukas Dostal without a rebound.
4:14 of 2nd period - Bo Horvat wins face-off versus Trevor Zegras in Quebec Nordiques zone.
4:23 of 2nd period - Wrist shot by Filip Forsberg.
4:23 of 2nd period - Shot Misses the Net.
5:09 of 2nd period - Wrist shot by Jordan Greenway.
5:09 of 2nd period - Shot Blocked by Seth Jones.
5:11 of 2nd period - Wrist shot by Jonas Siegenthaler.
5:11 of 2nd period - Stopped by Thatcher Demko with a rebound.
5:32 of 2nd period - Off-side.
5:33 of 2nd period - Jamie Benn wins face-off versus Shane Pinto in neutral zone.
5:44 of 2nd period - Snap shot by Kevin Fiala.
5:44 of 2nd period - Goal by Kevin Fiala - Chicago Black Hawks : 3 - Quebec Nordiques : 1.
5:45 of 2nd period - Cole Perfetti wins face-off versus Bo Horvat in neutral zone.
5:48 of 2nd period - Devon Toews is hit by Trevor Zegras and loses puck.
6:11 of 2nd period - Kevin Fiala is hit by Shane Pinto and loses puck.
7:10 of 2nd period - Brandon Hagel is hit by Anthony Mantha and loses puck.
7:41 of 2nd period - Anthony Duclair is hit by Seth Jones and loses puck.
7:54 of 2nd period - Seth Jones is hit by Barrett Hayton.
8:20 of 2nd period - Nicholas Paul is hit by Trevor Zegras and loses puck.
8:30 of 2nd period - Icing by Marcus Pettersson.
8:31 of 2nd period - Alex DeBrincat wins face-off versus Shane Pinto in Chicago Black Hawks zone.
9:19 of 2nd period - Snap shot by Nicholas Paul.
9:19 of 2nd period - Deflect By Alex DeBrincat.
9:19 of 2nd period - Shot Misses the Net.
9:19 of 2nd period - Puck is out of play.
9:20 of 2nd period - Trevor Zegras wins face-off versus Brandon Hagel in Quebec Nordiques zone.
9:29 of 2nd period - Anthony Mantha is hit by Bo Horvat and loses puck.
9:34 of 2nd period - Slapshot by Bo Horvat.
9:34 of 2nd period - Stopped by Lukas Dostal with a rebound.
9:36 of 2nd period - Snap shot by Bo Horvat.
9:36 of 2nd period - Shot Misses the Net.
10:07 of 2nd period - Wrist shot by Brayden Point.
10:07 of 2nd period - Stopped by Lukas Dostal without a rebound.
10:08 of 2nd period - Sidney Crosby wins face-off versus Marco Rossi in Quebec Nordiques zone.
10:41 of 2nd period - Snap shot by Anthony Duclair.
10:41 of 2nd period - Shot Blocked by Brandon Hagel.
10:43 of 2nd period - Snap shot by Justin Holl.
10:43 of 2nd period - Stopped by Thatcher Demko with a rebound.
10:45 of 2nd period - Slapshot by Justin Holl.
10:45 of 2nd period - Stopped by Thatcher Demko without a rebound.
10:46 of 2nd period - Jamie Benn wins face-off versus Trevor Zegras in Chicago Black Hawks zone.
11:38 of 2nd period - Marco Rossi is hit by Marcus Pettersson and loses puck.
12:07 of 2nd period - Ryan Poehling is hit by Sidney Crosby and loses puck.
12:38 of 2nd period - Minor Penalty to Kevin Fiala for Cross-checking.
12:39 of 2nd period - Jamie Benn wins face-off versus Marco Rossi in Chicago Black Hawks zone.
13:09 of 2nd period - Slapshot by Evander Kane.
13:09 of 2nd period - Deflect By Anthony Duclair.
13:09 of 2nd period - Goal by Anthony Duclair - Chicago Black Hawks : 3 - Quebec Nordiques : 2.
13:10 of 2nd period - Brandon Hagel wins face-off versus Trevor Zegras in neutral zone.
13:20 of 2nd period - Minor Penalty to Anthony Mantha for Delaying the game.
13:21 of 2nd period - Ryan Poehling wins face-off versus Bo Horvat in Quebec Nordiques zone.
13:35 of 2nd period - Wrist shot by Connor Brown.
13:35 of 2nd period - Shot Hit the Post.
15:20 of 2nd period - Penalty to Anthony Mantha is over, Anthony Mantha is back on ice.
15:57 of 2nd period - Slapshot by Shane Pinto.
15:57 of 2nd period - Shot Blocked by Alex DeBrincat.
16:10 of 2nd period - Icing by Jonas Siegenthaler.
16:11 of 2nd period - Jamie Benn wins face-off versus Marco Rossi in Quebec Nordiques zone.
17:07 of 2nd period - Snap shot by Ryan Poehling.
17:07 of 2nd period - Stopped by Thatcher Demko with a rebound.
17:09 of 2nd period - Slapshot by Ryan Poehling.
17:09 of 2nd period - Stopped by Thatcher Demko with a rebound.
17:11 of 2nd period - Wrist shot by Connor Brown.
17:11 of 2nd period - Stopped by Thatcher Demko with a rebound.
17:21 of 2nd period - Shane Pinto is hit by Filip Hronek and loses puck.
17:26 of 2nd period - Wrist shot by Alex DeBrincat.
17:26 of 2nd period - Shot Misses the Net.
17:28 of 2nd period - Backhand shot by Alex DeBrincat.
17:28 of 2nd period - Shot Misses the Net.
17:30 of 2nd period - Snap shot by Nicholas Paul.
17:30 of 2nd period - Shot Misses the Net.
17:32 of 2nd period - Snap shot by Ryan Hartman.
17:32 of 2nd period - Shot Misses the Net.
18:08 of 2nd period - Slapshot by Bo Horvat.
18:08 of 2nd period - Stopped by Lukas Dostal with a rebound.
18:10 of 2nd period - Slapshot by Bo Horvat.
18:10 of 2nd period - Shot Misses the Net.
18:12 of 2nd period - Wrist shot by Brandon Hagel.
18:12 of 2nd period - Shot Blocked by Brent Burns.
18:17 of 2nd period - Minor Penalty to Barrett Hayton for High sticking.
18:18 of 2nd period - Ryan Poehling wins face-off versus Sidney Crosby in Quebec Nordiques zone.
18:25 of 2nd period - Snap shot by Brayden Point.
18:25 of 2nd period - Deflect By Sidney Crosby.
18:25 of 2nd period - Shot Blocked by Jonas Siegenthaler.
18:25 of 2nd period - Puck is out of play.
18:26 of 2nd period - Sidney Crosby wins face-off versus Ryan Poehling in Quebec Nordiques zone.
18:27 of 2nd period - Wrist shot by Brayden Point.
18:27 of 2nd period - Shot Misses the Net.
18:49 of 2nd period - Sidney Crosby is hit by Trevor Zegras and loses puck.
19:12 of 2nd period - Devon Toews is hit by Ryan Poehling and loses puck.
Goals for this period are 2 for Chicago Black Hawks vs 1 for Quebec Nordiques.
Shots for this period are 9 for Chicago Black Hawks vs 7 for Quebec Nordiques.
3rd period
0:01 of 3rd period - Ryan Poehling wins face-off versus Bo Horvat in neutral zone.
0:17 of 3rd period - Penalty to Barrett Hayton is over, Barrett Hayton is back on ice.
0:34 of 3rd period - Slapshot by Chris Kreider.
0:34 of 3rd period - Stopped by Lukas Dostal without a rebound.
0:35 of 3rd period - Jamie Benn wins face-off versus Trevor Zegras in Quebec Nordiques zone.
0:44 of 3rd period - Wrist shot by Lucas Raymond.
0:44 of 3rd period - Stopped by Lukas Dostal with a rebound.
0:52 of 3rd period - Travis Sanheim is hit by Anthony Mantha and loses puck.
1:05 of 3rd period - Snap shot by Shane Pinto.
1:05 of 3rd period - Shot Misses the Net.
1:07 of 3rd period - Slapshot by Shane Pinto.
1:07 of 3rd period - Stopped by Thatcher Demko without a rebound.
1:08 of 3rd period - Shane Pinto wins face-off versus Nicholas Paul in Chicago Black Hawks zone.
1:31 of 3rd period - Slapshot by Trevor Zegras.
1:31 of 3rd period - Shot Misses the Net.
1:33 of 3rd period - Slapshot by Justin Holl.
1:33 of 3rd period - Stopped by Thatcher Demko with a rebound.
1:35 of 3rd period - Snap shot by Trevor Zegras.
1:35 of 3rd period - Shot Blocked by Nicholas Paul.
1:37 of 3rd period - Wrist shot by Anthony Mantha.
1:37 of 3rd period - Shot Misses the Net.
1:39 of 3rd period - Slapshot by Justin Holl.
1:39 of 3rd period - Stopped by Thatcher Demko without a rebound.
1:40 of 3rd period - Shane Pinto wins face-off versus Bo Horvat in Chicago Black Hawks zone.
1:41 of 3rd period - Wrist shot by Evander Kane.
1:41 of 3rd period - Stopped by Thatcher Demko without a rebound.
1:42 of 3rd period - Bo Horvat wins face-off versus Shane Pinto in Chicago Black Hawks zone.
2:43 of 3rd period - Slapshot by Jordan Greenway.
2:43 of 3rd period - Stopped by Thatcher Demko without a rebound.
2:44 of 3rd period - Sidney Crosby wins face-off versus Trevor Zegras in Chicago Black Hawks zone.
3:10 of 3rd period - Jonas Siegenthaler is hit by Seth Jones and loses puck.
3:59 of 3rd period - Wrist shot by Nicholas Paul.
3:59 of 3rd period - Stopped by Lukas Dostal with a rebound.
4:03 of 3rd period - Wrist shot by Alex DeBrincat.
4:03 of 3rd period - Stopped by Lukas Dostal without a rebound.
4:04 of 3rd period - Evander Kane wins face-off versus Sidney Crosby in Quebec Nordiques zone.
4:13 of 3rd period - Wrist shot by Anthony Duclair.
4:13 of 3rd period - Stopped by Thatcher Demko without a rebound.
4:14 of 3rd period - Shane Pinto wins face-off versus Sidney Crosby in Chicago Black Hawks zone.
4:37 of 3rd period - Wrist shot by Brayden Point.
4:37 of 3rd period - Shot Misses the Net.
5:05 of 3rd period - Wrist shot by Brent Burns.
5:05 of 3rd period - Stopped by Thatcher Demko without a rebound.
5:06 of 3rd period - Bo Horvat wins face-off versus Marco Rossi in Chicago Black Hawks zone.
5:54 of 3rd period - Snap shot by Jordan Greenway.
5:54 of 3rd period - Stopped by Thatcher Demko with a rebound.
6:25 of 3rd period - Filip Forsberg is hit by Justin Holl and loses puck.
7:04 of 3rd period - Cole Perfetti is hit by Cale Makar and loses puck.
7:32 of 3rd period - Snap shot by Ryan Poehling.
7:32 of 3rd period - Stopped by Thatcher Demko without a rebound.
7:33 of 3rd period - Bo Horvat wins face-off versus Kirby Dach in Chicago Black Hawks zone.
8:10 of 3rd period - Wrist shot by Shane Pinto.
8:10 of 3rd period - Shot Blocked by Marcus Pettersson.
8:29 of 3rd period - Wrist shot by Lucas Raymond.
8:29 of 3rd period - Shot Misses the Net.
8:41 of 3rd period - Ryan Hartman is hit by Connor Brown.
8:42 of 3rd period - Icing by Ryan Hartman.
8:43 of 3rd period - Ryan Poehling wins face-off versus Nicholas Paul in Chicago Black Hawks zone.
8:44 of 3rd period - Snap shot by Jordan Greenway.
8:44 of 3rd period - Shot Misses the Net.
9:01 of 3rd period - Slapshot by Cale Makar.
9:01 of 3rd period - Stopped by Lukas Dostal without a rebound.
9:02 of 3rd period - Bo Horvat wins face-off versus Marco Rossi in Quebec Nordiques zone.
9:15 of 3rd period - Snap shot by Barrett Hayton.
9:15 of 3rd period - Shot Blocked by Brandon Hagel.
9:17 of 3rd period - Wrist shot by Marco Rossi.
9:17 of 3rd period - Shot Misses the Net.
9:37 of 3rd period - Snap shot by Evander Kane.
9:37 of 3rd period - Goal by Evander Kane - Chicago Black Hawks : 3 - Quebec Nordiques : 3.
9:38 of 3rd period - Bo Horvat wins face-off versus Marco Rossi in neutral zone.
10:05 of 3rd period - Cale Makar is hit by Anthony Duclair and loses puck.
10:14 of 3rd period - Snap shot by Shane Pinto.
10:14 of 3rd period - Stopped by Thatcher Demko without a rebound.
10:15 of 3rd period - Trevor Zegras wins face-off versus Jamie Benn in Chicago Black Hawks zone.
10:18 of 3rd period - Slapshot by Trevor Zegras.
10:18 of 3rd period - Shot Blocked by Filip Hronek.
11:36 of 3rd period - Snap shot by Brayden Point.
11:36 of 3rd period - Stopped by Lukas Dostal with a rebound.
11:38 of 3rd period - Snap shot by Sidney Crosby.
11:38 of 3rd period - Shot Blocked by J.J. Moser.
11:49 of 3rd period - Off-side.
11:50 of 3rd period - Ryan Poehling wins face-off versus Jamie Benn in neutral zone.
11:55 of 3rd period - Wrist shot by Jordan Greenway.
11:55 of 3rd period - Stopped by Thatcher Demko with a rebound.
11:57 of 3rd period - Minor Penalty to Kevin Fiala for Interference.
11:58 of 3rd period - Nicholas Paul wins face-off versus Marco Rossi in Chicago Black Hawks zone.
12:29 of 3rd period - Wrist shot by Nicholas Paul.
12:29 of 3rd period - Shot Misses the Net.
13:57 of 3rd period - Penalty to Kevin Fiala is over, Kevin Fiala is back on ice.
14:06 of 3rd period - Backhand shot by Kevin Fiala.
14:06 of 3rd period - Stopped by Lukas Dostal with a rebound.
14:58 of 3rd period - Snap shot by Alex DeBrincat.
14:58 of 3rd period - Goal by Alex DeBrincat - Chicago Black Hawks : 4 - Quebec Nordiques : 3.
14:59 of 3rd period - Shane Pinto wins face-off versus Jamie Benn in neutral zone.
15:51 of 3rd period - Wrist shot by Anthony Mantha.
15:51 of 3rd period - Stopped by Thatcher Demko with a rebound.
15:53 of 3rd period - Slapshot by Trevor Zegras.
15:53 of 3rd period - Stopped by Thatcher Demko without a rebound.
15:54 of 3rd period - Kirby Dach wins face-off versus Jamie Benn in Chicago Black Hawks zone.
16:24 of 3rd period - Slapshot by Filip Forsberg.
16:24 of 3rd period - Shot Misses the Net.
16:33 of 3rd period - Minor Penalty to Marco Rossi for Hooking.
16:34 of 3rd period - Bo Horvat wins face-off versus Ryan Poehling in Quebec Nordiques zone.
17:46 of 3rd period - Ryan Poehling is hit by Bo Horvat and loses puck.
18:33 of 3rd period - Penalty to Marco Rossi is over, Marco Rossi is back on ice.
18:40 of 3rd period - Brent Burns is hit by Brandon Hagel and loses puck.
18:53 of 3rd period - Snap shot by Ryan Hartman.
18:53 of 3rd period - Deflect By Nicholas Paul.
18:53 of 3rd period - Stopped by Lukas Dostal without a rebound.
18:54 of 3rd period - Patrick Roy call a timeout for Quebec Nordiques.
18:54 of 3rd period - Shane Pinto wins face-off versus Ryan Hartman in Quebec Nordiques zone.
19:03 of 3rd period - Quebec Nordiques, Lukas Dostal is pulled from the net.
19:05 of 3rd period - Wrist shot by Evander Kane.
19:05 of 3rd period - Stopped by Thatcher Demko with a rebound.
19:43 of 3rd period - Snap shot by Shane Pinto.
19:43 of 3rd period - Stopped by Thatcher Demko without a rebound.
19:44 of 3rd period - Nicholas Paul wins face-off versus Shane Pinto in Chicago Black Hawks zone.
19:49 of 3rd period - Wrist shot by Evander Kane.
19:49 of 3rd period - Stopped by Thatcher Demko without a rebound.
19:50 of 3rd period - Nicholas Paul wins face-off versus Shane Pinto in Chicago Black Hawks zone.
Goals for this period are 1 for Chicago Black Hawks vs 1 for Quebec Nordiques.
Shots for this period are 9 for Chicago Black Hawks vs 17 for Quebec Nordiques.
Back to the Top